 Dungeon Crawl Stone Soup version 0.30-a0-737-gf23d94013f (webtiles) character file.

Game seed: 8571250247743845476

1 goober100 the Grave Robber (level 1, -2/13 HPs)
             Began as a Human Necromancer on Feb 1, 2023.
             Slain by a kobold
             ... wielding a +0 whip
              (5 damage)
             ... on level 1 of the Dungeon.
             The game lasted 00:02:11 (95 turns).

goober100 the Grave Robber (Human Necromancer)        Turns: 95, Time: 00:02:12

Health: -2/13      AC:  2    Str:  8    XL:     1   Next: 22%
Magic:  3/3        EV: 12    Int: 15    God:
Gold:   17         SH:  0    Dex: 13    Spells: 3/4 levels left

rFire   . . .      SeeInvis .    (no weapon)
rCold   . . .      Faith    .    (no shield)
rNeg    . . .      Spirit   .    a - +0 robe
rPois   .          Reflect  .    (no helmet)
rElec   .          Harm     .    (no cloak)
rCorr   .          Rampage  .    (no gloves)
Will    .....                    (no boots)
Stlth   ++                       (no amulet)
HPRegen 0.22/turn                (no ring)
MPRegen 0.08/turn                (no ring)

@: no status effects
A: no striking features
a: no special abilities


You were on level 1 of the Dungeon.
You visited 1 branch of the dungeon, and saw 1 of its levels.

You collected 17 gold pieces.

Inventory:

Armour
 a - a +0 robe (worn)
Potions
 b - a potion of magic


   Skills:
 + Level 2.0 Dodging
 + Level 2.0 Stealth
 + Level 2.0 Spellcasting
 + Level 4.0 Necromancy


You had 3 spell levels left.
You knew the following spells:

 Your Spells              Type           Power      Damage    Failure   Level
a - Necrotise             Necr           52%        1d6       4%          1

Your spell library contained the following spells:

 Spells                   Type           Power      Damage    Failure   Level
 Vampiric Draining        Necr           13%        2d6       13%         3
 Animate Dead             Necr           13%        N/A       38%         4
 Agony                    Necr           13%        N/A       75%         5


Dungeon Overview and Level Annotations

Branches:
Dungeon (1/15)

Altars:


Message History

You hit the bat.
You kill the bat!
There is a staircase leading out of the dungeon here.
You see here a bat corpse.
There is an open door, spattered with blood here.
A rat comes into view.
An endoplasm comes into view.
A giant cockroach comes into view.
A kobold comes into view. It is wielding a +0 whip.
Found an orange potion.
The kobold shouts!
A dart slug comes into view.
The kobold hits you with a +0 whip.
The giant cockroach completely misses you.
You see here an orange potion.
The giant cockroach misses you.
The giant cockroach bites you but does no damage.
You hit the giant cockroach but do no damage.
The giant cockroach bites you but does no damage.
The kobold misses you.
You hit the giant cockroach but do no damage.
The giant cockroach barely misses you. The giant cockroach bites you.
The kobold hits you with a +0 whip. The rat bites you.
You hit the giant cockroach but do no damage.
The giant cockroach barely misses you. The kobold closely misses you.
The rat bites you.
You barely miss the giant cockroach. The giant cockroach barely misses you.
The kobold hits you with a +0 whip. The rat barely misses you.
You hit the giant cockroach but do no damage.
The giant cockroach bites you. The kobold closely misses you.
The rat bites you but does no damage.
You hit the giant cockroach but do no damage.
The giant cockroach barely misses you. The kobold hits you with a +0 whip.
* * * LOW HITPOINT WARNING * * *
The rat closely misses you.
You hit the giant cockroach but do no damage.
The giant cockroach misses you. The giant cockroach bites you.
* * * LOW HITPOINT WARNING * * *
The kobold hits you with a +0 whip.
You die...

##.## #...# #.# ...
#...#######.##.#.
#...........##.#.
#####...#.##.##......
####............##......
........r.......##J.....
#...@BJ!.....##......
#####K..#.##.##......
#.......r........
#.......##.#####.##
#.#####.##......... #.
#.#######.... . #...
#.... ## #.##. ##...#
#.##.###.....


You could see an endoplasm, a giant cockroach, a kobold and a rat.

Vanquished Creatures
  A bat (D:1)
1 creature vanquished.

Notes
Turn   | Place    | Note
-------+----------+-------------------------------------------
     0 | D:1      | goober100 the Human Necromancer began the quest for the
                  | Orb.
     0 | D:1      | Reached XP level 1. HP: 13/13 MP: 3/3
    95 | D:1      | Slain by a kobold

Illustrated notes

Levels and vault maps discovered:
D:1:      scummos_arrival_simple_fountains, layout_loops_cross,
          nicolae_ecumenical_lake_church, serial_shops, shop

Action                     || total
---------------------------++-------
  Melee: Unarmed           ||    25
         Punch             ||     1
 Armour: Robe              ||    15
  Dodge: Dodged            ||    40

Table legend: (Time is in decaauts)
 A = Elapsed time spent in this place.
 B = Non-inter-level travel time spent in this place.
 C = Inter-level travel time spent in this place.
 D = Time resting spent in this place.
 E = Time spent auto-exploring this place.
 F = Levels seen in this place.
 G = Mean time per level.
                   A        B        C        D        E       F      G
               +--------+--------+--------+--------+--------+-----+--------+
         Total |     95 |     70 |     25 |      0 |      0 |   1 |   95.0 |
       Dungeon |     95 |     70 |     25 |      0 |      0 |   1 |   95.0 |
               +--------+--------+--------+--------+--------+-----+--------+

Top non-repeatable levels by time:
     D:1: 95 daAuts
